 Dungeon Crawl Stone Soup version 0.31-a0-801-gc67433417a (webtiles) character file.

Game seed: 16745202806281724683

4190 Ivernyr the Carver (level 10, -7/53 HPs)
             Began as a Vine Stalker Gladiator on Sept 20, 2023.
             Was a Believer of Wu Jian.
             Mangled by a komodo dragon (22 damage)
             ... on level 8 of the Dungeon.
             The game lasted 00:15:20 (7218 turns).

Ivernyr the Carver (Vine Stalker Gladiator)         Turns: 7218, Time: 00:15:21

Health: -7/53      AC: 15    Str: 17    XL:     10   Next: 29%
Magic:  0/11       EV: 15    Int:  8    God:    Wu Jian [**....]
Gold:   586        SH:  0    Dex: 20    Spells: 9/9 levels left

rFire   . . .        a - +0 long sword
rCold   . . .        (no shield)
rNeg    . . .        b - +0 troll leather armour
rPois   .            c - +0 helmet
rElec   .            t - +1 cloak
rCorr   .            (no gloves)
SInv    .            (no boots)
Will    +....        h - amulet of the acrobat
Stlth   +            I - +4 ring of protection
HPRegen 1.88/turn    v - +4 ring of protection
MPRegen 0.12/turn

%: acrobat, guardian spirit
@: no status effects
A: fangs 3, regeneration 1, magic shield, antimagic bite, no potion heal 2
a: Renounce Religion, Wall Jump


You were on level 8 of the Dungeon.
You worshipped Wu Jian.
Wu Jian was pleased with you.
You visited 2 branches of the dungeon, and saw 10 of its levels.

You collected 586 gold pieces.

Inventory:

Hand Weapons
 a - a +0 long sword (weapon)
Missiles
 d - 2 throwing nets (quivered)
 e - 4 javelins
Armour
 b - a +0 troll leather armour (worn)
 c - a +0 helmet (worn)
 t - a +1 cloak (worn)
Jewellery
 h - an amulet of the acrobat (around neck)
 m - a ring of protection from fire
 v - a +4 ring of protection (right hand)
 I - a +4 ring of protection (left hand)
Wands
 C - a wand of digging (4)
Scrolls
 f - 7 scrolls of identify {unknown}
 j - 2 scrolls of fear {unknown}
 l - a scroll of revelation {unknown}
 o - a scroll of brand weapon {unknown}
 p - 6 scrolls of teleportation {unknown}
 q - a scroll of summoning {unknown}
 y - 3 scrolls of noise {unknown}
 A - a scroll of poison {unknown}
 D - 2 scrolls of immolation {unknown}
 E - 2 scrolls of enchant armour {unknown}
 G - a scroll of vulnerability {unknown}
 H - a scroll of torment {unknown}
Potions
 g - a potion of degeneration {unknown}
 i - 2 potions of mutation {unknown}
 k - a potion of haste {unknown}
 n - a potion of cancellation {unknown}
 r - 3 potions of lignification {unknown}
 s - a potion of enlightenment {unknown}
 u - 5 potions of berserk rage {unknown}
 w - 2 potions of might {unknown}
 x - a potion of heal wounds {unknown}
 z - 2 potions of curing {unknown}
 B - 2 potions of brilliance {unknown}
 F - a potion of invisibility {unknown}


   Skills:
 + Level 6.2 Fighting
 * Level 9.0 Long Blades
 - Level 1.7 Throwing
 + Level 5.3 Armour
 + Level 5.9 Dodging


You had 9 spell levels left.
You didn't know any spells.
Your spell library contained the following spells:

 Spells                   Type           Power      Damage    Failure   Level
 Apportation              Tloc           0%         N/A       45%         1
 Jinxbite                 Hex            0%         N/A       61%         2
 Alistair's Intoxication  Tmut/Pois      0%         N/A       100%        5
 Iskenderun's Battlesphe  Conj           0%         2d6       100%        5
 Leda's Unmaking          Conj/Erth      0%         9d1       100%        6
 Spellforged Servitor     Conj/Summ      0%         N/A       100%        7


Dungeon Overview and Level Annotations

Branches:
Dungeon (9/15)             Temple (1/1) D:5
   Lair: D:8-11         Orc: D:9-12

Altars:
Ashenzari
Cheibriados
Dithmenos
Elyvilon
Fedhas
Gozag
Hepliaklqana
Kikubaaqudgha
Makhleb
Nemelex Xobeh
Okawaru
Qazlal
Ru
Sif Muna
Trog
Uskayaw
Vehumet
Wu Jian
Xom
Yredelemnul
Zin
The Shining One

Shops:
D:4 [[!   D:6 *   D:7 =


Innate Abilities, Weirdness & Mutations

You have razor-sharp teeth.
Your natural rate of healing is unusually fast.
When hurt, damage is shared between your health and your magic reserves.
Your bite disrupts and absorbs the magic of your enemies.
Potions cannot restore your health.


Message History

The komodo dragon is heavily wounded.
The komodo dragon closely misses you.
You barely miss the komodo dragon. You bite the komodo dragon.
You drain its power.
The komodo dragon is heavily wounded.
The komodo dragon bites you!
You hit the komodo dragon but do no damage.
The komodo dragon is heavily wounded.
The komodo dragon bites you!
You hit the komodo dragon.
The komodo dragon is heavily wounded.
The komodo dragon bites you!!
You spin and attack the komodo dragon.
You closely miss the komodo dragon. You bite the komodo dragon!
You drain its power.
You feel invigorated.
The komodo dragon is severely wounded.
The komodo dragon bites you but does no damage.
Things that are here:
a +0 whip; an orc corpse The komodo dragon attacks as it pursues you!
The komodo dragon completely misses you.
You spin and attack the komodo dragon.
You hit the komodo dragon.
The komodo dragon is severely wounded.
The komodo dragon barely misses you.
There is a stone staircase leading up here.
The komodo dragon misses you.
You climb upwards.
There is a stone staircase leading down here.
You barely miss the komodo dragon.
The komodo dragon is severely wounded.
You hit the komodo dragon.
The komodo dragon is almost dead.
The komodo dragon bites you!
You hit the komodo dragon. Your bite misses the komodo dragon.
The komodo dragon is almost dead.
The komodo dragon bites you!!
* * * LOW HITPOINT WARNING * * *
You hit the komodo dragon but do no damage.
The komodo dragon is almost dead.
The komodo dragon bites you!!
You die...

# ##........####### #.........
# #..........[....# #.########
# #.###'####+####.# #..<<.# #
#.# #.#
#.......########...#### # #.#
#.# #.......#.........)....
###.#
#.###.......##.##......####
....###.........[†...##.#.##.#
###...#####......######.#.##.#
###...#####.....@##.....#....#
......'.........l>#.###...).##
###...#........<.)#.###.###.#
#...#.......###[#.......#.#
###..[#.......###.#.###.#.#.#
..'...+.......[...#####.#.#.#
###...#.[.....##......#...#.#
.....))..########.#...#####†#
....)).).# #.....#####.#


You could see a komodo dragon.

Vanquished Creatures
  Pikel (D:4)
  A troll (D:8)
  Prince Ribbit (D:9)
  Sigmund (D:5)
  A wyvern (D:7)
  Grum (D:8)
  A steam dragon (D:6)
  3 orc warriors
  An ice beast (D:7)
  2 sky beasts
  2 wolves (D:8)
  An ogre (D:5)
  A black bear (D:6)
  A lemure (D:4)
  A kobold brigand (D:8)
  6 bullfrogs
  2 scorpions (D:5)
  4 wights (D:8)
  An electric eel (D:6)
  A howler monkey (D:7)
  3 hounds
  2 jellies (D:5)
  7 orc priests
  2 gnoll boudas
  Crazy Yiuf (D:3)
  A sleepcap (D:5)
  5 iguanas
  5 orc wizards
  11 gnolls
  9 adders
  A shadow imp (D:3)
  A white imp (D:6)
  2 worms
  3 dart slugs
  35 orcs
  7 endoplasms
  3 giant cockroaches
  6 goblins
  8 hobgoblins
  3 jackals (D:1)
  3 quokkas
  7 ball pythons
  2 bats
  4 frilled lizards
  12 kobolds
  9 rats
185 creatures vanquished.

Vanquished Creatures (others)
  2 orc wizards
2 creatures vanquished.

Grand Total: 187 creatures vanquished

Notes
Turn   | Place    | Note
-------+----------+-------------------------------------------
     0 | D:1      | Ivernyr the Vine Stalker Gladiator began the quest for the
                  | Orb.
     0 | D:1      | Reached XP level 1. HP: 11/11 MP: 2/2
   122 | D:1      | Reached XP level 2. HP: 15/15 MP: 1/3
   263 | D:1      | Reached skill level 3 in Long Blades
   518 | D:1      | Found a faded altar of an unknown god.
   578 | D:1      | Reached XP level 3. HP: 18/18 MP: 4/4
  1197 | D:2      | Reached skill level 1 in Armour
  1310 | D:2      | Reached XP level 4. HP: 23/23 MP: 5/5
  1923 | D:3      | Reached XP level 5. HP: 27/27 MP: 3/6
  2301 | D:3      | Found a runed translucent door.
  2302 | D:3      | Noticed Crazy Yiuf
  2399 | D:3      | Killed Crazy Yiuf
  2400 | D:3      | Reached skill level 4 in Long Blades
  2639 | D:4      | Reached XP level 6. HP: 32/32 MP: 5/7
  2659 | D:4      | Found Ocewk's Distillery.
  3055 | D:4      | Found Muloq's Antique Armour Emporium.
  3057 | D:4      | Found Nianea's Armour Emporium.
  3171 | D:4      | Noticed Pikel
  3223 | D:4      | Killed Pikel
  3224 | D:4      | Reached skill level 5 in Long Blades
  3224 | D:4      | Reached XP level 7. HP: 37/37 MP: 8/8
  3573 | D:5      | Entered Level 5 of the Dungeon
  3573 | D:5      | Noticed Sigmund
  3582 | D:5      | Killed Sigmund
  3583 | D:5      | Gained mutation: You have razor-sharp teeth. [Vine Stalker
                  | growth]
  3583 | D:5      | Reached XP level 8. HP: 42/42 MP: 9/9
  3615 | D:5      | Reached skill level 6 in Long Blades
  3692 | D:5      | Found a staircase to the Ecumenical Temple.
  3700 | Temple   | Entered the Ecumenical Temple
  3715 | Temple   | Became a worshipper of the Wu Jian Council
  4808 | D:6      | Reached skill level 7 in Long Blades
  4808 | D:6      | Reached XP level 9. HP: 46/46 MP: 10/10
  4835 | D:6      | Found Waloic's Lightly-Used Armoury.
  4856 | D:6      | Found a sparkling altar of Nemelex Xobeh.
  4976 | D:6      | Reached skill level 5 in Fighting
  5129 | D:6      | Reached * piety under Wu Jian
  5267 | D:6      | Reached skill level 5 in Dodging
  5281 | D:6      | Found a shimmering altar of Xom.
  5334 | D:6      | Found an iron altar of Okawaru.
  5597 | D:7      | Identified the +2 dagger of Sipluhul {drain, rPois rC++
                  | Will- Dex+2}
  5897 | D:7      | Found Qowoyp's Jewellery Boutique.
  6155 | D:7      | Reached ** piety under Wu Jian
  6156 | D:7      | Reached skill level 8 in Long Blades
  6213 | D:8      | Noticed Grum
  6424 | D:8      | Killed Grum
  6507 | D:8      | Reached XP level 10. HP: 53/53 MP: 11/11
  6558 | D:8      | Reached skill level 5 in Armour
  7003 | D:9      | Noticed Prince Ribbit
  7010 | D:9      | Killed Prince Ribbit
  7177 | D:8      | Reached skill level 9 in Long Blades
  7218 | D:8      | Mangled by a komodo dragon

Illustrated notes

Levels and vault maps discovered:
D:1:      saegor_arrival_simple_a, layout_basic, ebering_ecumenical_altar_rust
D:2:      layout_loops_ring, minmay_domino_4
D:3:      layout_basic, uniq_crazy_yiuf_cottage
D:4:      layout_basic, nicolae_shop_distant_corner_stores, uniq_pikel
D:5:      layout_basic, temple_fountains, uniq_sigmund
D:6:      layout_basic, nicolae_overflow_squiral, nemelex_spade_bored_becter,
          serial_corexii_hall, corexii_hall_statues_x, corexii_hall_statues_l,
          minmay_shop_damaged
D:7:      layout_basic, serial_shops, shop
D:8:      layout_basic, uniq_grum
D:9:      layout_roguey, david_lair_shrubbed, hiddenorc2_lemuel,
          gammafunk_ghost_berserking_beasts, nrook_campfire,
          uniq_prince_ribbit1, uniq_erolcha
Temple:   hellmonk_temple_of_storms

Skill      XL: |  1  2  3  4  5  6  7  8  9 10 |
---------------+-------------------------------+-----
Fighting       | 2 3 4 5 6 |  6.2
Long Blades    | 3 4 5 7 8 9 |  9.0
Armour         | 1 2 3 4 5 |  5.3
Dodging        | 3 4 5 |  5.9
Throwing       | |  1.7

Action                     |  1- 3 |  4- 6 |  7- 9 | 10-12 || total
---------------------------+-------+-------+-------+-------++-------
  Melee: Long sword        |   102 |   152 |   290 |   113 ||   657
         Bite              |    25 |    38 |    96 |    46 ||   205
         Punch             |     1 |     2 |     8 |     4 ||    15
  Throw: Throwing net      |       |       |       |     1 ||     1
Ability: Lunge             |       |       |    13 |    10 ||    23
         Whirlwind         |       |       |    15 |    11 ||    26
         Wall Jump         |       |       |     1 |     1 ||     2
   Stab: Sleeping          |     1 |       |     2 |     1 ||     4
 Armour: Leather armour    |    46 |    77 |   138 |    54 ||   315
         Troll leather arm |       |       |       |    22 ||    22
  Dodge: Dodged            |    62 |   106 |   219 |    94 ||   481

Table legend: (Time is in decaauts)
 A = Elapsed time spent in this place.
 B = Non-inter-level travel time spent in this place.
 C = Inter-level travel time spent in this place.
 D = Time resting spent in this place.
 E = Time spent auto-exploring this place.
 F = Levels seen in this place.
 G = Mean time per level.
                   A        B        C        D        E       F      G
               +--------+--------+--------+--------+--------+-----+--------+
         Total |   7285 |   7075 |    210 |     73 |   5307 |  10 |  728.5 |
       Dungeon |   7254 |   7044 |    210 |     73 |   5307 |   9 |  806.0 |
        Temple |     30 |     30 |      0 |      0 |      0 |   1 |   30.0 |
               +--------+--------+--------+--------+--------+-----+--------+

Top non-repeatable levels by time:
     D:4: 1128 daAuts
     D:5: 963 daAuts
     D:1: 940 daAuts
     D:6: 920 daAuts
     D:3: 826 daAuts
     D:8: 779 daAuts
     D:7: 767 daAuts
     D:2: 741 daAuts
     D:9: 185 daAuts
  Temple: 30 daAuts
